 Dungeon Crawl Stone Soup version 0.18-a0-1060-g4fac74f (webtiles) character file.

586 namelastname112 the Insei (level 7, -6/50 HPs)
             Began as a White Draconian Wizard on Jan 12, 2016.
             Mangled by an ogre
             ... wielding a +0 giant club
              (9 damage)
             ... on level 4 of the Dungeon.
             The game lasted 00:10:38 (5408 turns).

namelastname112 the Insei (White Draconian Wizard)  Turns: 5408, Time: 00:10:39

Health: -6/50      AC:  7    Str: 10    XL:     7   Next: 15%
Magic:  11/11      EV: 12    Int: 18    God:
Gold:   196        SH:  0    Dex: 11    Spells: 1 memorised, 11 levels left

rFire  . . .     SeeInvis .     t - +0 dagger (drain)
rCold  + . .     Gourm    .     (armour unavailable)
rNeg   . . .     Faith    .     (no shield)
rPois  .         Spirit   .     a - +0 hat
rElec  .         Dismiss  .     y - +0 cloak
rCorr  .         Reflect  .     (no gloves)
SustAt .         Harm     .     (no boots)
MR     .....                    (no amulet)
Stlth  +++.......               (no ring)
                                r - ring of stealth

@: short of breath, not resistant to hostile enchantments, fairly stealthy
A: breathe frost, unfitting armour, cold resistance 1, cold-blooded, AC +6
a: Breathe Frost


You were on level 4 of the Dungeon.
You were very hungry.

You visited 1 branch of the dungeon, and saw 4 of its levels.
You also visited: Sewer.

You collected 196 gold pieces.

Inventory:

Hand Weapons
 t - a +0 dagger of draining (weapon)
Armour
 a - a +0 hat (worn)
 y - a +0 cloak (worn)
Jewellery
 r - a ring of stealth (left hand)
Wands
 w - a wand of heal wounds (0/9)
Scrolls
 h - a scroll of random uselessness {unknown}
 j - a scroll of immolation {unknown}
 k - 4 scrolls of identify {unknown}
 l - 2 scrolls of remove curse {unknown}
 m - a scroll of teleportation {unknown}
 o - 2 scrolls of blinking {unknown}
 p - a scroll of fear {unknown}
 q - 2 scrolls of recharging {unknown}
Potions
 e - 2 potions of haste {unknown}
 i - 2 potions of cure mutation {unknown}
 n - a potion of degeneration {unknown}
 s - a potion of poison {unknown}
 u - a potion of curing {unknown}
 x - a potion of heal wounds {unknown}
Books
 b - a book of Minor Magic

   Spells                             Type                      Level
   a - Magic Dart                     Conjuration                  1
   b - Blink                          Translocation                2
   c - Call Imp                       Summoning                    2
   d - Repel Missiles                 Charms/Air                   2
   e - Slow                           Hexes                        2
   f - Conjure Flame                  Conjuration/Fire             3
   g - Mephitic Cloud                 Conjuration/Poison/Air       3
Comestibles
 c - 6 bread rations
 d - 2 beef jerkies
 f - 2 meat rations
 g - a slice of pizza
 v - 7 fruits


   Skills:
 - Level 1.7 Dodging
 - Level 1.7 Stealth
 * Level 7.6 Unarmed Combat
 - Level 3.0 Spellcasting
 - Level 1.0 Conjurations
   Level 1.0 Summonings
   Level 1.0 Translocations


You had 11 spell levels left.
You knew the following spells:

 Your Spells              Type           Power        Failure   Level  Hunger
z - Magic Dart            Conj           #...         12%         1    None


Dungeon Overview and Level Annotations

Branches:
Dungeon (4/15)
 Temple: D:4-7

Altars:
Dithmenos
Vehumet


Innate Abilities, Weirdness & Mutations

You can breathe waves of freezing cold.
You can buffet flying creatures when you breathe cold.
Your icy white scales are hard (AC +6).
Your body does not fit into most forms of armour.
Your flesh is cold resistant.
You are cold-blooded and may be slowed by cold attacks.


Message History

The freezing breath misses the gnoll.
You feel somewhat more hungry. The ogre hits you with a giant club!
Unknown command.
You barely miss the ogre.
The ogre is heavily wounded.
The gnoll hits you from afar with a spear!
You hit the ogre but do no damage. You drain the ogre!
The ogre is heavily wounded.
The ogre closely misses you. The gnoll barely misses you.
You hit the ogre but do no damage.
The ogre is heavily wounded.
The ogre hits you with a giant club!!
* * * LOW HITPOINT WARNING * * *
The gnoll hits you from afar with a spear.
* * * LOW HITPOINT WARNING * * *
Evoke which item? (* to show all) (? for menu, Esc to quit)
Zapping:
w - a wand of heal wounds {zapped: 2} (will waste charges)
Press: ? - help, Shift-Dir - straight line, f - you, p - ogre Nothing appears to happen.
The ogre hits you with a giant club!
You die...

####### #.....#
###########.###.#
#...g.......# #.#
###O######<...# #.###
#...@..# ###.####....
#......# ###>........
#......###...........
#........#.#.########
#......#.#.#.# #
########.#.#)# #
#....#.#.### #
#....#g._..# #
#....###.#.# #


You could see an ogre.

Vanquished Creatures
  2 giant frogs (Sewer)
  An orc wizard (D:4)
  Natasha (thrice) (D:4)
  3 gnolls (D:4)
  14 adders
  14 oozes
  4 worms
  14 giant geckos
  2 orcs (D:4)
  14 ball pythons (Sewer)
  9 giant cockroaches
  11 goblins
  6 hobgoblins
  5 kobolds
  3 quokkas (D:3)
  8 bats
  18 giant newts
  A quokka skeleton (D:4)
  12 rats
144 creatures vanquished.

Vanquished Creatures (others)
  An orc (D:4)
1 creature vanquished.

Grand Total: 145 creatures vanquished

Notes
Turn   | Place    | Note
--------------------------------------------------------------
     0 | D:1      | namelastname112 the Draconian Wizard began the quest for the Orb.
     0 | D:1      | Reached XP level 1. HP: 14/14 MP: 4/4
     1 | D:1      | Noticed an electric eel
   227 | D:1      | Reached skill level 1 in Unarmed Combat
   330 | D:1      | Reached XP level 2. HP: 18/20 MP: 1/6
  1075 | D:2      | Reached XP level 3. HP: 2/26 MP: 1/7
  1429 | D:2      | Found a shadowy altar of Dithmenos.
  2011 | D:3      | Reached XP level 4. HP: 19/33 MP: 8/8
  2481 | D:3      | Reached skill level 4 in Unarmed Combat
  3380 | D:4      | Noticed Natasha
  3397 | D:4      | Killed Natasha
  3397 | D:4      | Reached XP level 5. HP: 25/38 MP: 9/9
  3559 | D:4      | Reached skill level 5 in Unarmed Combat
  3695 | D:4      | Noticed an ogre
  3750 | D:4      | Noticed Natasha
  3763 | D:4      | Killed Natasha
  3854 | D:4      | Found a glowing drain.
  3858 | Sewer    | Entered a sewer
  3986 | Sewer    | Reached XP level 6. HP: 40/45 MP: 10/10
  4021 | Sewer    | Reached skill level 6 in Unarmed Combat
  4852 | Sewer    | Reached skill level 7 in Unarmed Combat
  4860 | Sewer    | Reached XP level 7. HP: 27/50 MP: 11/11
  4860 | Sewer    | Your scales start taking on an icy white colour.
  4860 | Sewer    | Gained mutation: Your flesh is cold resistant. [White Draconian growth]
  5097 | D:4      | Noticed Natasha
  5113 | D:4      | Killed Natasha
  5362 | D:4      | Found a radiant altar of Vehumet.
  5408 | D:4      | Mangled by an ogre

Vault maps used:
D:1:      arrival_aquarium_a
D:2:      lemuel_coloured_pillars_altar
D:3:      minmay_misc_feat_nine_boxes
D:4:      overflow_temple_1_default, gup_sewer_entry_spiral, first_bread,
          uniq_natasha
Sewer:    sewer_frog_island_02

Action                   |  1- 3 |  4- 6 |  7- 9 || total
-------------------------+-------+-------+-------++-------
Melee: Unarmed           |   117 |    91 |       ||   208
       Dagger            |       |   351 |    37 ||   388
 Cast: Magic Dart        |    65 |     7 |       ||    72
 Abil: Breathe Frost     |       |       |     2 ||     2
Evoke: Wand              |       |     1 |       ||     1
 Stab: Sleeping          |     1 |    12 |     1 ||    14
       Distracted        |       |     1 |       ||     1
  Eat: Chunk             |     2 |     5 |     1 ||     8
       Meat ration       |       |     1 |       ||     1
       Pizza             |       |     1 |       ||     1
